 Dungeon Crawl Stone Soup version 0.31-a0-1237-gabc64e778c (webtiles) character file.

Game seed: 17556774574181427715

193 ambi the Chopper (level 5, 0/48 HPs)
             Began as a Hill Orc Monk on Dec 15, 2023.
             Was a Believer of Beogh.
             Slain by an orc priest
             ... wielding a +0 whip
              (5 damage)
             ... on level 4 of the Dungeon.
             The game lasted 00:06:32 (2944 turns).

ambi the Chopper (Hill Orc Monk)                    Turns: 2944, Time: 00:06:33

Health: 0/48       AC:  2    Str: 16    XL:     5   Next: 72%
Magic:  4/5        EV: 13    Int: 10    God:    Beogh [**....]
Gold:   135        SH:  0    Dex: 13    Spells: 4/4 levels left

rFire   . . .        a - +0 hand axe
rCold   . . .        d - orb {light}
rNeg    . . .        b - +0 robe
rPois   .            (no helmet)
rElec   .            (no cloak)
rCorr   .            (no gloves)
SInv    .            (no boots)
Will    .....        (no amulet)
Stlth   +            (no ring)
HPRegen 0.28/turn    (no ring)
MPRegen 0.09/turn

%: no passive effects
@: glowing
A: no striking features
a: Renounce Religion, Smiting


You were on level 4 of the Dungeon.
You worshipped Beogh.
Beogh was pleased with you.
You visited 1 branch of the dungeon, and saw 4 of its levels.

You collected 135 gold pieces.

Inventory:

Hand Weapons
 a - a +0 hand axe (weapon)
Missiles
 p - 3 poisoned darts (quivered)
Armour
 b - a +0 robe (worn)
 d - an orb of light (worn)
Talismans
 o - a flux talisman
Wands
 j - a wand of roots (12)
Scrolls
 c - a scroll of teleportation {unknown}
 e - 2 scrolls of identify {unknown}
 g - 2 scrolls of poison {unknown}
 h - 2 scrolls of immolation {unknown}
 i - 3 scrolls of fog {unknown}
 l - a scroll of fear {unknown}
 n - a scroll of enchant weapon {unknown}
Potions
 f - a potion of curing
 k - a potion of lignification {unknown}
 m - a potion of haste {unknown}


   Skills:
 + Level 5.2 Fighting
 + Level 5.7 Axes
 + Level 3.5 Dodging


You had 4 spell levels left.
You didn't know any spells.
Your spell library contained the following spells:

 Spells                   Type           Power      Damage    Failure   Level
 Volatile Blastmotes      Fire/Tloc      0%         2d10      75%         3
 Fulminant Prism          Conj/Hex       0%         3d5       98%         4
 Iskenderun's Mystic Bla  Conj/Tloc      0%         2d3       98%         4


Dungeon Overview and Level Annotations

Branches:
Dungeon (4/15)
 Temple: D:4-7

Altars:
Fedhas

Annotations:
D:3 1 runed translucent door, Crazy Yiuf


Message History

* * * LOW HITPOINT WARNING * * *
Aiming: Smiting
Press: ? - help, Dir - move target, f - orc priest Smite: an orc priest, wielding a +0 whip (lightly wounded, haloed)
You fail to use your ability.
The orc priest hits you but does no damage.
It was a potion of curing.
You feel better.
The orc priest calls down the wrath of Beogh upon you.
Pain shoots through your body!
* * * LOW HITPOINT WARNING * * *
Aiming: Smiting
Press: ? - help, Dir - move target, f/p - orc priest Smite: an orc priest, wielding a +0 whip (lightly wounded, haloed)
You fail to use your ability.
The orc priest looks braver for a moment.
You hit the orc priest but do no damage.
The orc priest is lightly wounded.
The orc priest closely misses you.
You completely miss the orc priest.
The orc priest is lightly wounded.
The orc priest completely misses you.
You barely miss the orc priest.
The orc priest is lightly wounded.
The orc priest closely misses you.
You hit the orc priest.
The orc priest is lightly wounded.
The orc priest hits you with a +0 whip.
* * * LOW HITPOINT WARNING * * *
You slash the orc priest!
The orc priest is severely wounded.
The orc priest closely misses you.
You hit the orc priest but do no damage.
The orc priest is severely wounded.
The orc priest hits you with a +0 whip.
* * * LOW HITPOINT WARNING * * *
You barely miss the orc priest.
The orc priest is severely wounded.
The orc priest hits you with a +0 whip.
You die...
Beogh appreciates the orc priest's killing of a heretic priest.

#...# . #.........# ..#.#
#$ #.........##
.##.#######.##...........
#.....................#
#.##########..........#
#.........###....######
#########.# ###.o# #.#
##o# #.######@##
#.........# #########.#
... #.... ###.# .# .


You could see an orc priest and an orc.

Vanquished Creatures
  A howler monkey (D:3)
  3 adders (D:2)
  4 gnolls (D:3)
  2 worms (D:2)
  3 dart slugs
  5 orcs
  7 endoplasms
  5 giant cockroaches
  5 goblins
  6 hobgoblins
  6 kobolds
  A quokka (D:1)
  8 ball pythons
  9 bats
  2 frilled lizards
  4 rats
  A spectral kobold (D:2)
72 creatures vanquished.

Notes
Turn   | Place    | Note
-------+----------+-------------------------------------------
     0 | D:1      | ambi the Hill Orc Monk began the quest for the Orb.
     0 | D:1      | Reached XP level 1. HP: 19/19 MP: 1/1
   130 | D:1      | Reached XP level 2. HP: 27/27 MP: 2/2
   277 | D:1      | Reached XP level 3. HP: 33/33 MP: 3/3
   887 | D:2      | Reached XP level 4. HP: 31/41 MP: 4/4
   991 | D:2      | Reached skill level 5 in Axes
  1328 | D:2      | Found a faded altar of an unknown god.
  1832 | D:3      | Reached skill level 5 in Fighting
  1832 | D:3      | Reached XP level 5. HP: 31/48 MP: 5/5
  1920 | D:3      | Became a worshipper of Beogh the Brigand
  1920 | D:3      | Reached * piety under Beogh
  1920 | D:3      | Reached ** piety under Beogh
  2018 | D:3      | You fall into a shaft and drop 1 floor!
  2161 | D:3      | Found a blossoming altar of Fedhas.
  2528 | D:3      | Found a runed translucent door.
  2529 | D:3      | Noticed Crazy Yiuf
  2944 | D:4      | Slain by an orc priest

Illustrated notes

Levels and vault maps discovered:
D:1:      minmay_arrival_floating_metal, layout_rooms
D:2:      layout_loops_ring, dreamdust_ecumenical_altar_drowned_temple,
          hangedman_decor_push
D:3:      layout_basic, old_standard_altar, chequers_mini_garden,
          uniq_crazy_yiuf_cottage
D:4:      layout_basic, jmf_multi_god_temple,
          nicolae_concentric_dashed_squares_mild, abandoned_shop, uniq_natasha,
          uniq_duvessa, uniq_edmund, uniq_ijyb

Skill      XL: |  1  2  3  4 |
---------------+-------------+-----
Fighting       | 4 5 |  5.2
Dodging        | 3 |  3.5
Axes           | 5 |  5.7

Action                     |  1- 3 |  4- 6 || total
---------------------------+-------+-------++-------
  Melee: Hand axe          |   105 |   140 ||   245
 Invoke: Smiting           |       |     1 ||     1
         Convert to Beogh  |       |     1 ||     1
    Use: Potion            |     1 |     2 ||     3
 Armour: Robe              |    56 |    82 ||   138
  Dodge: Dodged            |    69 |   106 ||   175

Table legend: (Time is in decaauts)
 A = Elapsed time spent in this place.
 B = Non-inter-level travel time spent in this place.
 C = Inter-level travel time spent in this place.
 D = Time resting spent in this place.
 E = Time spent auto-exploring this place.
 F = Levels seen in this place.
 G = Mean time per level.
                   A        B        C        D        E       F      G
               +--------+--------+--------+--------+--------+-----+--------+
         Total |   2980 |   2828 |    152 |    471 |   1797 |   4 |  745.0 |
       Dungeon |   2980 |   2828 |    152 |    471 |   1797 |   4 |  745.0 |
               +--------+--------+--------+--------+--------+-----+--------+

Top non-repeatable levels by time:
     D:3: 1062 daAuts
     D:2: 979 daAuts
     D:1: 799 daAuts
     D:4: 138 daAuts
